 Dungeon Crawl Stone Soup version 0.32-a0-909-gc671339a80 (webtiles) character file.

Game seed: 12459473072937268268

783 Shayle the Slasher (level 7, 0/58 HPs)
             Began as a Coglin Alchemist on Apr 6, 2024.
             Was an Initiate of Makhleb.
             Slain by a killer bee (2 damage)
             ... on level 5 of the Dungeon.
             The game lasted 00:17:52 (4832 turns).

Shayle the Slasher (Coglin Alchemist)               Turns: 4832, Time: 00:17:53

Health: 0/58       AC:  4    Str: 16    XL:     7   Next: 86%
Magic:  11/11      EV: 13    Int: 15    God:    Makhleb [......]
Gold:   180        SH:  0    Dex: 19    Spells: 8/12 levels left

rFire   . . .        n - +1 flail (protect) {Santiago}
rCold   . . .        t - +7 long sword "Numud" {heavy, Str+9 Stlth-}
rNeg    . . .        a - +0 robe
rPois   .            q - +0 helmet
rElec   .            (no cloak)
rCorr   .            (no gloves)
SInv    .            j - +0 pair of boots
Will    .....        (amulet unavailable)
Stlth   +            (ring unavailable)
HPRegen 0.29/turn    (ring unavailable)
MPRegen 0.12/turn    (no gizmo)

%: no passive effects
@: brilliant, lethally poisoned (0 -> -2), attractive, revving
A: off-hand wielding, slow wielding, warmup strikes, no jewellery, agile 1,
deterioration 1, robust 2
a: Invent Gizmo, Renounce Religion


You were on level 5 of the Dungeon.
You worshipped Makhleb.
Makhleb was noncommittal.
You visited 2 branches of the dungeon, and saw 6 of its levels.

You collected 180 gold pieces.

Inventory:

Hand Weapons
 c - a +0 dagger
 d - a +0 whip {Wu}
 f - a +0 whip {Ilshubani}
 n - a +1 flail of protection (weapon) {Santiago}
 s - a +0 hand axe of electrocution
 t - the +7 long sword "Numud" (offhand) {heavy, Str+9 Stlth-}
   (You found it on level 4 of the Dungeon)

   Str+9:     It affects your strength (+9).
   Stlth-:    It makes you less stealthy.
Armour
 a - a +0 robe (worn)
 j - a +0 pair of boots (worn)
 q - a +0 helmet (worn)
Wands
 e - a wand of acid (3)
 m - a wand of flame (12)
 w - a wand of iceblast (14)
Scrolls
 g - a scroll of poison {unknown}
 h - a scroll of revelation {unknown}
 i - 2 scrolls of immolation {unknown}
 k - 2 scrolls of teleportation {unknown}
 l - 3 scrolls of identify {unknown}
 p - a scroll of brand weapon {unknown}
 r - a scroll of noise {unknown}
 u - a scroll of amnesia {unknown}


   Skills:
 - Level 1.9 Fighting
 + Level 4.6 Long Blades
 - Level 3.7 Dodging
 - Level 1.5 Stealth
 - Level 3.0 Spellcasting
 - Level 2.1 Conjurations
 - Level 2.6 Translocations
 - Level 4.1 Alchemy


You had 8 spell levels left.
You knew the following spells:

 Your Spells              Type           Power      Damage    Failure   Level
a - Sting                 Conj/Alch      68%        1d7       5%          1
b - Mephitic Cloud        Conj/Alch/Air  12%        N/A       26%         3

Your spell library contained the following spells:

 Spells                   Type           Power      Damage    Failure   Level
 Apportation              Tloc           30%        N/A       7%          1
 Mercury Vapours          Alch/Air       24%        N/A       13%         2
 Jinxbite                 Hex            6%         N/A       30%         2
 Volatile Blastmotes      Fire/Tloc      18%        2d11      34%         3
 Olgreb's Toxic Radiance  Alch           21%        N/A       36%         4
 Frozen Ramparts          Ice            6%         1d1       52%         3
 Fugue of the Fallen      Necr           3%         N/A       52%         3
 Ozocubu's Armour         Ice            3%         N/A       52%         3
 Passwall                 Erth           3%         N/A       52%         3
 Sticky Flame             Fire/Alch      12%        2d5       65%         4
 Alistair's Intoxication  Alch           14%        N/A       71%         5
 Vhi's Electric Charge    Tloc/Air       18%        N/A       75%         4
 Metabolic Englaciation   Hex/Ice        1%         N/A       99%         5
 Bombard                  Conj/Erth      4%         9d2       100%        6
 Manifold Assault         Tloc           7%         N/A       100%        7


Dungeon Overview and Level Annotations

Branches:
Dungeon (5/15)             Temple (1/1) D:4

Altars:
Ashenzari
Cheibriados
Elyvilon
Gozag
Hepliaklqana
Kikubaaqudgha
Makhleb
Nemelex Xobeh
Okawaru
Sif Muna
Trog
Uskayaw
Wu Jian
Yredelemnul
The Shining One

Annotations:
D:5 Dowan


Innate Abilities, Weirdness & Mutations

You can wield a second weapon in your off-hand.
It takes a long time for you to wield or remove held weapons.
Your first few attacks do less damage.
You cannot equip rings or amulets.
You are agile. (Dex +4, Str/Int -1)
Your body sometimes deteriorates upon taking damage.
You are very robust. (+20% HP)


Message History

The killer bee misses you.
The killer bee stings you but does no damage.
You hit the killer bee with the +7 long sword "Numud".
The killer bee is heavily wounded.
You miss the killer bee with your +1 flail of protection.
You feel sick.
The killer bee stings you but does no damage.
The killer bee barely misses you. The killer bee stings you!
You are more poisoned.
The killer bee poisons you!
You slice the killer bee with the +7 long sword "Numud"!!
You kill the killer bee!
Makhleb accepts your kill.
You feel very sick. The killer bee closely misses you.
The killer bee stings you.
Unknown command.
You barely miss the killer bee with your +1 flail of protection.
You barely miss the killer bee with the +7 long sword "Numud".
You feel very sick.
The killer bee stings you but does no damage.
The killer bee barely misses you.
The killer bee stings you but does no damage.
Unknown command.
Okay, then.
Okay, then.
It was a potion of attraction.
You feel attractive to monsters.
You feel sick. The killer bee stings you!
* * * LOW HITPOINT WARNING * * *
The killer bee misses you.
It was a potion of mutation.
You feel extremely strange.
You feel robust.
You feel yourself wasting away.
You feel robust.
You feel agile.
* * * LOW HITPOINT WARNING * * *
You feel sick. The killer bee barely misses you. x2
It was a potion of brilliance.
You feel clever all of a sudden.
* * * LOW HITPOINT WARNING * * *
You feel sick. The killer bee stings you.
You die...

### ... .. #.# ..
#.# .. #.# .#####
##
#.######......##. .
#.<................
##..######.##...#.
#...#....@#...^...
#.###..####y##..#
..# ##.####y##..#
#.. #..........# .
##
#.##.......)...## .
#.###.......y...##
_ ..#
###........... ##.
####.###.... # #(#
.###


You could see 2 killer bees.

Vanquished Creatures
  Menkaure (D:5)
  An ice beast (D:5)
  An ogre (D:4)
  A phantom (D:4)
  A scorpion (D:4)
  A killer bee (D:5)
  A hound (D:4)
  3 orc priests
  Ijyb (D:4)
  6 adders
  3 dart slugs
  2 ribbon worms
  22 orcs
  4 bats
  4 endoplasms
  7 goblins
  7 hobgoblins
  10 jackals
  3 quokkas
  7 ball pythons
  5 frilled lizards
  5 kobolds
  5 rats
101 creatures vanquished.

Vanquished Creatures (others)
  A kobold (D:1)
1 creature vanquished.

Grand Total: 102 creatures vanquished

Notes
Turn   | Place    | Note
-------+----------+-------------------------------------------
     0 | D:1      | Shayle the Coglin Alchemist began the quest for the Orb.
     0 | D:1      | Reached XP level 1. HP: 13/13 MP: 3/3
    67 | D:1      | Reached skill level 1 in Conjurations
   122 | D:1      | Reached XP level 2. HP: 20/20 MP: 0/4
   543 | D:1      | Reached skill level 1 in Fighting
   599 | D:1      | Reached XP level 3. HP: 26/26 MP: 2/5
   603 | D:1      | Learned a level 3 spell: Mephitic Cloud
  1550 | D:2      | Reached XP level 4. HP: 24/32 MP: 2/6
  1619 | D:2      | Found a faded altar of an unknown god.
  1824 | D:2      | HP: 1/33 [orc/+0 club (4)]
  2433 | D:3      | Found a snail-covered altar of Cheibriados.
  2590 | D:3      | Reached XP level 5. HP: 33/38 MP: 3/7
  3048 | D:3      | Reached skill level 1 in Translocations
  3413 | D:4      | Noticed an ogre
  3426 | D:4      | Killed an ogre
  3427 | D:4      | Reached XP level 6. HP: 44/44 MP: 7/9
  3636 | D:4      | Found a hazy altar of Hepliaklqana.
  3802 | D:5      | Entered Level 5 of the Dungeon
  4027 | D:4      | Identified the +7 long sword "Numud" {heavy, Str+9 Stlth-}
  4078 | D:4      | Found a sparkling altar of Nemelex Xobeh.
  4156 | D:4      | Found a staircase to the Ecumenical Temple.
  4165 | Temple   | Entered the Ecumenical Temple
  4195 | Temple   | Became a worshipper of Makhleb the Destroyer
  4273 | D:4      | Reached skill level 1 in Long Blades
  4273 | D:4      | Reached XP level 7. HP: 30/49 MP: 11/11
  4516 | D:4      | Found an opulent altar of Gozag.
  4546 | D:5      | Noticed Menkaure
  4549 | D:5      | Killed Menkaure
  4556 | D:5      | Found a shimmering blue altar of Sif Muna.
  4556 | D:5      | Noticed Dowan
  4643 | D:5      | Noticed Ijyb
  4656 | D:4      | Killed Ijyb
  4831 | D:5      | Gained mutation: You are robust. (+10% HP) [potion of
                  | mutation]
  4831 | D:5      | Gained mutation: Your body sometimes deteriorates upon
                  | taking damage. [potion of mutation]
  4831 | D:5      | Gained mutation: You are very robust. (+20% HP) [potion of
                  | mutation]
  4831 | D:5      | Gained mutation: You are agile. (Dex +4, Str/Int -1)
                  | [potion of mutation]
  4832 | D:5      | HP: 2/58 [poisoned by a killer bee]
  4832 | D:5      | Slain by a killer bee

Illustrated notes

Levels and vault maps discovered:
D:1:      psy_arrival_whirlpool, layout_loops_ring, lemuel_flame_loot_1
D:2:      layout_basic, serial_rivers, chequers_serial_rivers_small_3,
          chequers_serial_rivers_large_b, chequers_serial_rivers_marsh,
          chequers_serial_rivers_room_a, chequers_serial_rivers_micro_b,
          chequers_serial_rivers_small_3,
          dreamdust_ecumenical_altar_angels_and_demons, dk_noncrumbling_4
D:3:      corexii_shack_village, layout_loops_corners, general_overflow_altar
D:4:      layout_gridville, mainiacjoe_overflow_24_doors, lemuel_tele_altar,
          lemuel_coloured_pillars_altar, temple_fountains
D:5:      layout_loops_ring, mainiacjoe_overflow_chevrons,
          nicolae_ru_awakened_eye, overflow_temple_1_default, uniq_ijyb,
          uniq_duvessa, uniq_menkaure
Temple:   jpeg_temple_alley_garden

Skill      XL: |  1  2  3  4  5  6  7 |
---------------+----------------------+-----
Conjurations   | 1 2 |  2.1
Dodging        | 2 3 |  3.7
Fighting       | 1 |  1.9
Alchemy        | 4 |  4.1
Spellcasting   | 2 3 |  3.0
Translocations | 2 |  2.6
Long Blades    | 1 4 |  4.6
Stealth        | |  1.5

Action                     |  1- 3 |  4- 6 |  7- 9 || total
---------------------------+-------+-------+-------++-------
  Melee: Whip              |    29 |   156 |       ||   185
         Flail             |       |    44 |    20 ||    64
         Long sword        |       |    11 |    23 ||    34
   Cast: Sting             |    58 |    49 |       ||   107
         Mephitic Cloud    |       |     5 |       ||     5
  Evoke: Wand              |       |     3 |       ||     3
    Use: Potion            |       |     4 |     6 ||    10
   Stab: Confused          |       |     4 |       ||     4
         Sleeping          |       |     2 |       ||     2
 Armour: Robe              |    30 |    87 |    28 ||   145
  Dodge: Dodged            |    39 |    82 |    24 ||   145

Table legend: (Time is in decaauts)
 A = Elapsed time spent in this place.
 B = Non-inter-level travel time spent in this place.
 C = Inter-level travel time spent in this place.
 D = Time resting spent in this place.
 E = Time spent auto-exploring this place.
 F = Levels seen in this place.
 G = Mean time per level.
                   A        B        C        D        E       F      G
               +--------+--------+--------+--------+--------+-----+--------+
         Total |   4913 |   4720 |    193 |    899 |   2678 |   6 |  818.8 |
       Dungeon |   4854 |   4718 |    136 |    899 |   2678 |   5 |  970.8 |
        Temple |     59 |      2 |     57 |      0 |      0 |   1 |   59.0 |
               +--------+--------+--------+--------+--------+-----+--------+

Top non-repeatable levels by time:
     D:3: 1213 daAuts
     D:1: 1135 daAuts
     D:4: 1131 daAuts
     D:2: 1106 daAuts
     D:5: 266 daAuts
  Temple: 59 daAuts
